 Dungeon Crawl Stone Soup version 0.32-a0-616-g9348d4545b (webtiles) character file.

Game seed: 10315281930556399927

2 Sabo the Charlatan (level 1, 0/15 HPs)
             Began as a Demonspawn Artificer on Mar 5, 2024.
             Slain by a quokka (1 damage)
             ... on level 1 of the Dungeon.
             The game lasted 00:00:56 (201 turns).

Sabo the Charlatan (Demonspawn Artificer)            Turns: 201, Time: 00:00:57

Health: 0/15       AC:  3    Str: 12    XL:     1   Next: 33%
Magic:  1/1        EV: 11    Int: 11    God:
Gold:   0          SH:  0    Dex: 13    Spells: 0/0 levels left

rFire   . . .        a - +0 club
rCold   . . .        (no shield)
rNeg    . . .        b - +0 leather armour
rPois   .            (no helmet)
rElec   .            (no cloak)
rCorr   .            (no gloves)
SInv    .            (no boots)
Will    .....        g - amulet of the acrobat
Stlth   +            (no ring)
HPRegen 0.22/turn    (no ring)
MPRegen 0.07/turn

%: acrobat
@: no status effects
A: no striking features
a: no special abilities


You were on level 1 of the Dungeon.
You visited 1 branch of the dungeon, and saw 1 of its levels.

Inventory:

Hand Weapons
 a - a +0 club (weapon)
Armour
 b - a +0 leather armour (worn)
Jewellery
 g - an amulet of the acrobat (around neck)
Wands
 c - a wand of flame (15) (quivered)
 d - a wand of charming (15)
 e - a wand of iceblast (5)
Scrolls
 f - a scroll of fear {unknown}


   Skills:
 + Level 1.0 Fighting
 + Level 1.7 Armour
 + Level 0.8 Dodging
 + Level 0.8 Stealth
 + Level 3.1 Evocations


You couldn't memorise any spells.
You didn't know any spells.
Your spell library was empty.

Dungeon Overview and Level Annotations

Branches:
Dungeon (1/15)

Altars:


Message History

A quokka comes into view.
You closely miss the kobold.
A kobold comes into view. It is wielding a +0 dagger.
The kobold hits you but does no damage.
The kobold hits you with a +0 short sword.
You hit the kobold.
The kobold is heavily wounded.
The kobold misses you.
You closely miss the kobold.
The kobold is heavily wounded.
The kobold hits you with a +0 short sword.
You hit the kobold but do no damage.
The kobold is heavily wounded.
The kobold barely misses you.
You barely miss the kobold.
The kobold is heavily wounded.
The kobold closely misses you.
The kobold hits you with a +0 short sword.
You barely miss the kobold.
The kobold is heavily wounded.
The kobold barely misses you.
You closely miss the kobold.
The kobold is heavily wounded.
The kobold hits you with a +0 short sword.
You closely miss the kobold.
The kobold is heavily wounded.
The kobold hits you with a +0 short sword. x2
* * * LOW HITPOINT WARNING * * *
You barely miss the kobold.
The kobold is moderately wounded.
The kobold hits you but does no damage.
You hit the kobold but do no damage.
The kobold is moderately wounded.
The kobold hits you with a +0 short sword.
* * * LOW HITPOINT WARNING * * *
You hit the kobold.
You kill the kobold!
The quokka twitches its whiskers.
The quokka bites you.
You die...

.........
...........>#
#.#######
.########.#.#
#.# #.#.# #.#
#.#.# #.# #.#.#
#.# #.#.# #.# .
#.#.# #.#
....#######.#.#
..#
.....Kr@......#
..#
....####.######
..# . #.# .##
#.# .+ ..# .#
.## .# #. .# #.
.#


You could see a quokka and a kobold.

Vanquished Creatures
  2 hobgoblins (D:1)
  A kobold (D:1)
3 creatures vanquished.

Notes
Turn   | Place    | Note
-------+----------+-------------------------------------------
     0 | D:1      | Sabo the Demonspawn Artificer began the quest for the Orb.
     0 | D:1      | Reached XP level 1. HP: 15/15 MP: 1/1
   201 | D:1      | Slain by a quokka

Illustrated notes

Levels and vault maps discovered:
D:1:      elethiomel_arrival_quiet, layout_basic

Action                     || total
---------------------------++-------
  Melee: Club              ||    30
 Armour: Leather armour    ||    18
  Dodge: Dodged            ||    20

Table legend: (Time is in decaauts)
 A = Elapsed time spent in this place.
 B = Non-inter-level travel time spent in this place.
 C = Inter-level travel time spent in this place.
 D = Time resting spent in this place.
 E = Time spent auto-exploring this place.
 F = Levels seen in this place.
 G = Mean time per level.
                   A        B        C        D        E       F      G
               +--------+--------+--------+--------+--------+-----+--------+
         Total |    209 |    209 |      0 |     16 |      0 |   1 |  209.0 |
       Dungeon |    209 |    209 |      0 |     16 |      0 |   1 |  209.0 |
               +--------+--------+--------+--------+--------+-----+--------+

Top non-repeatable levels by time:
     D:1: 209 daAuts
